[ AOE2 MATCH · #481796615 ]
Team RMMagyars vs Byzantines
[ REPLAY ANALYSIS · EXTRACTED FROM THE RECORDED GAME ]
Feudal
11:35
Castle
19:59
Imperial
32:52
| APM avg | 26.3 |
| APM peak | 61 |
| eAPM avg | 18.3 |
| Villagers / military | 140 / 537 |
Focus
⚔️ 34.5% · 🌾 65.5%
Magyar Huszar ×449 · Cavalry Archer ×72 · Battering Ram ×10 · Trebuchet (Packed) ×6
Feudal
10:53
Castle
15:59
Imperial
30:20
| APM avg | 28.1 |
| APM peak | 65 |
| eAPM avg | 16.3 |
| Villagers / military | 89 / 282 |
Focus
⚔️ 33.1% · 🌾 66.9%
Knight ×157 · Teutonic Knight ×73 · Scorpion ×31 · Bombard Cannon ×13 · Monk ×3 · Mangonel ×3
Feudal
10:23
Castle
16:06
Imperial
32:11
| APM avg | 44.7 |
| APM peak | 112 |
| eAPM avg | 19.6 |
| Villagers / military | 167 / 467 |
Focus
⚔️ 42.2% · 🌾 57.8%
Mangudai ×329 · Scorpion ×96 · Trebuchet (Packed) ×27 · Trade Cart ×15 · Skirmisher ×14 · Monk ×1
Feudal
12:03
Castle
25:37
Imperial
—
| APM avg | 10.3 |
| APM peak | 37 |
| eAPM avg | 6.0 |
| Villagers / military | 91 / 28 |
Focus
⚔️ 17.0% · 🌾 83.0%
Cavalry Archer ×16 · Scout Cavalry ×7 · Spearman ×4 · Trade Cart ×2 · War Wagon ×1
Feudal
10:45
Castle
14:55
Imperial
34:39
| APM avg | 36.3 |
| APM peak | 88 |
| eAPM avg | 18.8 |
| Villagers / military | 146 / 751 |
Focus
⚔️ 41.7% · 🌾 58.3%
Skirmisher ×348 · Knight ×278 · Spearman ×50 · Conquistador ×48 · Trade Cart ×25 · Bombard Cannon ×20
Feudal
10:05
Castle
19:01
Imperial
31:09
| APM avg | 14.5 |
| APM peak | 47 |
| eAPM avg | 10.9 |
| Villagers / military | 188 / 338 |
Focus
⚔️ 31.5% · 🌾 68.5%
Spearman ×167 · Scout Cavalry ×75 · Camel Scout ×59 · Skirmisher ×30 · Hand Cannoneer ×3 · Monk ×2
Match map
Resources at game start + every placement click. Thick line = wall · dashed box = detected house wall. 🟡 gold · ⚪ stone · 🟢 berries · 🔶 boar · ⭕ relic
Inputs per minute
— 喜多川海梦 - - 家恒
Build order — 喜多川海梦
First 150 of 468 actions detected
| 0:09 | Build | House |
| 0:14 | Build | House |
| 0:26 | Create | Villager (Male) ×4 |
| 0:26 | Create | Villager (Male) ×4 |
| 2:21 | Create | Villager (Male) |
| 2:22 | Create | Villager (Male) |
| 2:22 | Create | Villager (Male) |
| 2:22 | Create | Villager (Male) |
| 3:26 | Create | Villager (Male) |
| 3:26 | Create | Villager (Male) |
| 3:26 | Create | Villager (Male) |
| 3:26 | Create | Villager (Male) |
| 3:26 | Create | Villager (Male) |
| 3:52 | Create | Villager (Male) |
| 3:52 | Create | Villager (Male) |
| 4:24 | Create | Villager (Male) |
| 4:24 | Create | Villager (Male) |
| 4:25 | Create | Villager (Male) |
| 5:21 | Build | House |
| 5:31 | Create | Villager (Male) |
| 5:31 | Create | Villager (Male) |
| 5:47 | Create | Villager (Male) |
| 5:48 | Create | Villager (Male) |
| 7:09 | Build | Mill |
| 7:23 | Build | House |
| 7:51 | Create | Villager (Male) |
| 7:51 | Create | Villager (Male) |
| 7:51 | Create | Villager (Male) |
| 8:10 | Build | Lumber Camp |
| 9:25 | Research | Feudal Age |
| 9:47 | Build | House |
| 9:48 | Build | House |
| 9:49 | Build | House |
| 9:49 | Build | House |
| 10:19 | Build | Farm |
| 10:19 | Build | Farm |
| 10:20 | Build | Farm |
| 11:24 | Create | Villager (Male) |
| 11:24 | Create | Villager (Male) |
| 11:24 | Create | Villager (Male) |
| 11:25 | Create | Villager (Male) |
| 11:25 | Create | Villager (Male) |
| 11:25 | Create | Villager (Male) |
| 11:25 | Create | Villager (Male) |
| 11:35 | Age | Feudal Age |
| 11:51 | Build | Barracks |
| 12:30 | Build | Farm |
| 12:44 | Build | Blacksmith |
| 13:33 | Build | Stable |
| 13:59 | Build | Farm |
| 13:59 | Build | Farm |
| 14:34 | Build | Farm |
| 14:59 | Build | Farm |
| 15:00 | Build | Farm |
| 15:21 | Build | Farm |
| 15:26 | Build | Farm |
| 15:32 | Build | Farm |
| 15:58 | Build | Mining Camp |
| 16:06 | Create | Villager (Male) |
| 16:37 | Create | Villager (Male) |
| 16:50 | Build | Market |
| 17:19 | Research | Castle Age |
| 17:19 | Research | Castle Age |
| 18:10 | Build | Mining Camp |
| 19:22 | Build | Archery Range |
| 19:48 | Research | Double-Bit Axe |
| 19:53 | Research | Horse Collar |
| 19:59 | Age | Castle Age |
| 20:19 | Create | Villager (Male) |
| 20:19 | Create | Villager (Male) |
| 20:19 | Create | Villager (Male) |
| 20:19 | Create | Villager (Male) |
| 20:20 | Create | Villager (Male) |
| 20:20 | Create | Villager (Male) |
| 20:20 | Create | Villager (Male) |
| 20:20 | Create | Villager (Male) |
| 20:21 | Create | Villager (Male) |
| 21:06 | Build | Town Center |
| 21:58 | Research | Bow Saw |
| 22:23 | Build | House |
| 22:23 | Build | House |
| 23:13 | Create | Villager (Male) |
| 23:13 | Create | Villager (Male) |
| 23:13 | Create | Villager (Male) |
| 23:14 | Create | Villager (Male) |
| 23:14 | Create | Villager (Male) |
| 23:14 | Create | Villager (Male) |
| 23:14 | Create | Villager (Male) |
| 23:17 | Create | Villager (Male) |
| 23:17 | Create | Villager (Male) |
| 23:24 | Research | Heavy Plow |
| 23:38 | Build | House |
| 23:39 | Build | House |
| 23:39 | Build | House |
| 23:39 | Build | House |
| 23:47 | Build | Lumber Camp |
| 23:58 | Build | Farm |
| 24:09 | Build | Castle |
| 24:19 | Create | Villager (Male) |
| 24:19 | Create | Villager (Male) |
| 24:20 | Create | Villager (Male) |
| 24:20 | Create | Villager (Male) |
| 24:20 | Create | Villager (Male) |
| 24:20 | Create | Villager (Male) |
| 24:26 | Build | Farm |
| 25:05 | Build | University |
| 25:20 | Build | Farm |
| 25:32 | Build | Farm |
| 25:36 | Build | Farm |
| 25:44 | Create | Villager (Male) |
| 25:44 | Create | Villager (Male) |
| 25:45 | Create | Villager (Male) |
| 25:47 | Create | Villager (Male) |
| 25:47 | Create | Villager (Male) |
| 26:04 | Build | Farm |
| 26:29 | Build | Town Center |
| 26:49 | Build | Mining Camp |
| 27:33 | Research | Husbandry |
| 27:53 | Create | Villager (Male) |
| 27:53 | Create | Villager (Male) |
| 27:59 | Create | Villager (Male) |
| 28:11 | Create | Villager (Male) |
| 28:11 | Create | Villager (Male) |
| 28:11 | Create | Villager (Male) |
| 28:11 | Create | Villager (Male) |
| 28:38 | Create | Villager (Male) |
| 28:41 | Create | Villager (Male) |
| 28:41 | Create | Villager (Male) |
| 28:46 | Research | Gold Mining |
| 29:42 | Research | Imperial Age |
| 30:11 | Build | Castle |
| 30:18 | Research | Scale Barding Armor |
| 30:29 | Build | Mill |
| 30:36 | Build | Farm |
| 30:36 | Build | Farm |
| 30:36 | Build | Farm |
| 30:37 | Build | Farm |
| 30:37 | Build | Farm |
| 30:38 | Build | Farm |
| 30:43 | Create | Villager (Male) |
| 30:43 | Create | Villager (Male) |
| 30:43 | Create | Villager (Male) |
| 30:43 | Create | Villager (Male) |
| 30:44 | Create | Villager (Male) |
| 31:21 | Research | Corvinian Army |
| 31:53 | Create | Villager (Male) |
| 31:53 | Create | Villager (Male) |
| 32:03 | Create | Villager (Male) |
| 32:03 | Create | Villager (Male) |
| 32:03 | Create | Villager (Male) |
Build order — 家恒
First 150 of 300 actions detected
| 0:05 | Build | House |
| 0:08 | Build | House |
| 0:10 | Create | Villager (Male) |
| 0:10 | Create | Villager (Male) |
| 1:11 | Create | Villager (Male) |
| 1:43 | Create | Villager (Male) |
| 2:15 | Create | Villager (Male) |
| 2:43 | Create | Villager (Male) |
| 3:16 | Build | Mill |
| 3:18 | Create | Villager (Male) |
| 3:38 | Create | Villager (Male) |
| 3:48 | Build | House |
| 3:50 | Create | Villager (Male) |
| 4:38 | Create | Villager (Male) |
| 5:10 | Build | Lumber Camp |
| 5:12 | Create | Villager (Male) |
| 5:52 | Create | Villager (Male) |
| 6:19 | Create | Villager (Male) |
| 6:51 | Create | Villager (Male) |
| 7:30 | Create | Villager (Male) |
| 7:56 | Create | Villager (Male) |
| 7:58 | Build | House |
| 8:43 | Research | Feudal Age |
| 10:50 | Build | Mining Camp |
| 10:53 | Age | Feudal Age |
| 11:01 | Create | Villager (Male) |
| 11:22 | Build | Lumber Camp |
| 11:43 | Build | Blacksmith |
| 11:52 | Build | Market |
| 11:59 | Create | Villager (Male) |
| 12:28 | Build | Farm |
| 12:31 | Build | Farm |
| 12:32 | Create | Villager (Male) |
| 13:19 | Research | Castle Age |
| 14:08 | Create | Villager (Male) |
| 14:29 | Build | House |
| 15:59 | Age | Castle Age |
| 16:18 | Build | Town Center |
| 16:37 | Build | Town Center |
| 16:39 | Create | Villager (Male) |
| 16:42 | Build | Farm |
| 16:43 | Create | Villager (Male) |
| 16:59 | Research | Double-Bit Axe |
| 17:43 | Build | Farm |
| 17:44 | Build | Farm |
| 17:45 | Build | Farm |
| 17:50 | Create | Villager (Male) |
| 17:50 | Create | Villager (Male) |
| 18:12 | Create | Villager (Male) |
| 18:12 | Create | Villager (Male) |
| 18:17 | Create | Villager (Male) |
| 18:17 | Create | Villager (Male) |
| 18:39 | Build | Farm |
| 18:43 | Research | Horse Collar |
| 18:48 | Build | Farm |
| 18:50 | Build | Farm |
| 19:02 | Build | Farm |
| 19:03 | Create | Villager (Male) |
| 19:14 | Build | Farm |
| 19:17 | Create | Villager (Male) |
| 19:17 | Create | Villager (Male) |
| 19:42 | Create | Villager (Male) |
| 19:42 | Create | Villager (Male) |
| 19:49 | Create | Villager (Male) |
| 19:52 | Build | Farm |
| 20:09 | Build | Farm |
| 20:14 | Research | Gold Mining |
| 20:19 | Build | Farm |
| 20:29 | Build | House |
| 20:34 | Create | Villager (Male) |
| 20:41 | Create | Villager (Male) |
| 20:58 | Research | Loom |
| 21:05 | Build | Farm |
| 21:06 | Create | Villager (Male) |
| 21:14 | Create | Villager (Male) |
| 21:16 | Build | Farm |
| 21:19 | Create | Villager (Male) |
| 21:44 | Build | Farm |
| 21:46 | Create | Villager (Male) |
| 21:49 | Create | Villager (Male) |
| 21:50 | Create | Villager (Male) |
| 21:51 | Create | Villager (Male) |
| 21:51 | Create | Villager (Male) |
| 21:56 | Create | Villager (Male) |
| 21:56 | Create | Villager (Male) |
| 21:58 | Build | Farm |
| 22:23 | Build | House |
| 22:29 | Build | Farm |
| 22:31 | Create | Villager (Male) |
| 22:47 | Build | Farm |
| 23:23 | Build | Castle |
| 23:26 | Create | Villager (Male) |
| 23:27 | Create | Villager (Male) |
| 23:28 | Create | Villager (Male) |
| 23:28 | Create | Villager (Male) |
| 23:30 | Build | Farm |
| 23:38 | Build | Farm |
| 23:46 | Create | Villager (Male) |
| 23:53 | Create | Villager (Male) |
| 23:58 | Build | House |
| 24:03 | Build | House |
| 24:18 | Research | Wheelbarrow |
| 24:24 | Research | Town Watch |
| 24:27 | Research | Heavy Plow |
| 24:32 | Research | Bow Saw |
| 24:37 | Build | House |
| 24:40 | Build | House |
| 24:47 | Create | Villager (Male) |
| 24:52 | Create | Villager (Male) |
| 24:57 | Build | Farm |
| 25:00 | Create | Villager (Male) |
| 25:11 | Build | Farm |
| 25:14 | Create | Villager (Male) |
| 25:32 | Create | Villager (Male) |
| 25:35 | Create | Villager (Male) |
| 25:39 | Create | Villager (Male) |
| 25:43 | Build | Farm |
| 25:45 | Create | Villager (Male) |
| 26:13 | Create | Villager (Male) |
| 26:21 | Build | Farm |
| 26:23 | Create | Villager (Male) |
| 26:29 | Create | Villager (Male) |
| 26:33 | Create | Villager (Male) |
| 26:46 | Build | Farm |
| 27:00 | Build | Farm |
| 27:09 | Research | Imperial Age |
| 27:15 | Build | Farm |
| 27:24 | Build | Barracks |
| 27:35 | Create | Villager (Male) |
| 27:35 | Create | Villager (Male) |
| 27:46 | Create | Villager (Male) |
| 27:47 | Create | Villager (Male) |
| 28:09 | Build | Stable |
| 28:32 | Create | Villager (Male) |
| 28:37 | Create | Teutonic Knight |
| 28:37 | Create | Teutonic Knight |
| 28:38 | Create | Teutonic Knight |
| 28:38 | Create | Teutonic Knight |
| 28:39 | Create | Teutonic Knight |
| 28:39 | Create | Teutonic Knight |
| 28:40 | Create | Teutonic Knight |
| 28:40 | Create | Teutonic Knight |
| 28:41 | Create | Teutonic Knight |
| 28:41 | Create | Teutonic Knight |
| 28:56 | Build | Stable |
| 29:01 | Build | Stable |
| 29:28 | Research | Forging |
| 29:29 | Research | Scale Mail Armor |
| 29:29 | Research | Scale Barding Armor |
| 29:35 | Research | Fletching |
Build order — MattGohan
First 150 of 641 actions detected
| 0:05 | Build | House |
| 0:07 | Build | House |
| 0:07 | Create | Villager (Male) |
| 0:08 | Create | Villager (Male) |
| 0:30 | Create | Villager (Male) |
| 0:42 | Create | Villager (Male) |
| 0:42 | Create | Villager (Male) |
| 1:44 | Create | Villager (Male) |
| 1:44 | Create | Villager (Male) |
| 2:08 | Build | Lumber Camp |
| 2:09 | Create | Villager (Male) |
| 2:29 | Create | Villager (Male) |
| 2:29 | Create | Villager (Male) |
| 3:13 | Create | Villager (Male) |
| 3:29 | Create | Villager (Male) |
| 3:29 | Create | Villager (Male) |
| 4:11 | Build | House |
| 4:53 | Create | Villager (Male) |
| 4:53 | Create | Villager (Male) |
| 5:25 | Build | Mill |
| 5:36 | Build | Mill |
| 5:38 | Create | Villager (Male) |
| 6:06 | Create | Villager (Male) |
| 6:07 | Create | Villager (Male) |
| 6:14 | Create | Villager (Male) |
| 6:21 | Build | House |
| 6:37 | Build | Mining Camp |
| 6:45 | Create | Villager (Male) |
| 7:11 | Create | Villager (Male) |
| 7:30 | Create | Villager (Male) |
| 7:53 | Research | Feudal Age |
| 9:05 | Build | House |
| 10:23 | Age | Feudal Age |
| 10:25 | Build | Blacksmith |
| 10:28 | Build | Market |
| 10:34 | Create | Villager (Male) |
| 10:34 | Create | Villager (Male) |
| 10:44 | Build | Farm |
| 10:47 | Build | Farm |
| 10:51 | Research | Double-Bit Axe |
| 11:10 | Create | Villager (Male) |
| 11:27 | Build | Farm |
| 11:28 | Build | Farm |
| 11:37 | Build | Farm |
| 11:40 | Build | Farm |
| 11:44 | Build | Farm |
| 12:10 | Build | Farm |
| 12:11 | Create | Villager (Male) |
| 12:14 | Create | Villager (Male) |
| 12:41 | Build | Mining Camp |
| 12:58 | Create | Villager (Male) |
| 13:12 | Research | Castle Age |
| 13:19 | Research | Horse Collar |
| 13:41 | Build | House |
| 14:41 | Create | Villager (Male) |
| 15:20 | Create | Villager (Male) |
| 16:06 | Age | Castle Age |
| 16:06 | Create | Villager (Male) |
| 16:11 | Build | Town Center |
| 16:14 | Build | Town Center |
| 16:23 | Create | Villager (Male) |
| 16:23 | Create | Villager (Male) |
| 16:45 | Create | Villager (Male) |
| 16:58 | Create | Villager (Male) |
| 16:58 | Create | Villager (Male) |
| 17:06 | Build | Monastery |
| 17:43 | Create | Villager (Male) |
| 17:43 | Create | Villager (Male) |
| 17:44 | Create | Villager (Male) |
| 17:48 | Build | Farm |
| 17:51 | Build | Farm |
| 17:57 | Create | Villager (Male) |
| 17:58 | Create | Villager (Male) |
| 17:58 | Create | Villager (Male) |
| 18:00 | Create | Villager (Male) |
| 18:00 | Create | Villager (Male) |
| 18:00 | Create | Villager (Male) |
| 18:08 | Build | House |
| 18:14 | Build | House |
| 18:24 | Create | Villager (Male) |
| 18:25 | Create | Villager (Male) |
| 18:26 | Create | Monk |
| 18:42 | Create | Villager (Male) |
| 18:56 | Build | House |
| 18:59 | Build | House |
| 19:02 | Create | Villager (Male) |
| 19:02 | Create | Villager (Male) |
| 19:04 | Build | Farm |
| 19:07 | Build | Farm |
| 19:09 | Build | Farm |
| 19:12 | Create | Villager (Male) |
| 19:12 | Create | Villager (Male) |
| 19:31 | Build | Farm |
| 19:36 | Build | Farm |
| 19:37 | Create | Villager (Male) |
| 19:38 | Create | Villager (Male) |
| 19:45 | Build | Farm |
| 19:46 | Build | Farm |
| 19:46 | Build | Farm |
| 19:46 | Build | Farm |
| 19:46 | Build | Farm |
| 19:46 | Build | Farm |
| 19:47 | Build | Farm |
| 19:47 | Build | Farm |
| 19:58 | Build | House |
| 20:00 | Create | Villager (Male) |
| 20:01 | Create | Villager (Male) |
| 20:01 | Create | Villager (Male) |
| 20:09 | Build | Farm |
| 20:22 | Create | Villager (Male) |
| 20:22 | Create | Villager (Male) |
| 20:30 | Build | House |
| 20:45 | Research | Bow Saw |
| 20:51 | Build | Farm |
| 21:21 | Build | House |
| 21:22 | Create | Villager (Male) |
| 21:22 | Create | Villager (Male) |
| 21:22 | Create | Villager (Male) |
| 22:09 | Build | Castle |
| 22:11 | Build | Mining Camp |
| 22:37 | Build | House |
| 22:38 | Build | House |
| 22:39 | Create | Villager (Male) |
| 22:39 | Create | Villager (Male) |
| 22:40 | Create | Villager (Male) |
| 22:46 | Research | Fletching |
| 22:50 | Build | Barracks |
| 22:54 | Create | Villager (Male) |
| 22:54 | Create | Villager (Male) |
| 22:54 | Create | Villager (Male) |
| 22:55 | Create | Villager (Male) |
| 22:55 | Create | Villager (Male) |
| 23:03 | Build | Farm |
| 23:34 | Research | Bodkin Arrow |
| 23:35 | Research | Padded Archer Armor |
| 23:38 | Create | Villager (Male) |
| 23:38 | Create | Villager (Male) |
| 23:43 | Build | Farm |
| 23:43 | Build | Farm |
| 23:53 | Create | Mangudai |
| 23:54 | Create | Mangudai |
| 23:54 | Create | Mangudai |
| 23:56 | Create | Mangudai |
| 24:06 | Create | Villager (Male) |
| 24:06 | Create | Villager (Male) |
| 24:06 | Create | Villager (Male) |
| 24:13 | Research | Gold Mining |
| 24:13 | Research | Gold Mining |
| 24:18 | Build | Farm |
| 24:20 | Build | Farm |
Build order — modusoperandirock
First 150 of 210 actions detected
| 0:21 | Build | House |
| 0:29 | Research | Loom |
| 0:30 | Create | Villager (Male) |
| 0:30 | Create | Villager (Male) |
| 0:31 | Create | Villager (Male) |
| 0:31 | Create | Villager (Male) |
| 0:46 | Build | House |
| 2:05 | Build | Lumber Camp |
| 3:14 | Create | Villager (Male) |
| 3:15 | Create | Villager (Male) |
| 3:15 | Create | Villager (Male) |
| 3:15 | Create | Villager (Male) |
| 4:16 | Create | Villager (Male) |
| 4:17 | Create | Villager (Male) |
| 4:20 | Create | Villager (Male) |
| 5:17 | Create | Villager (Male) |
| 5:17 | Create | Villager (Male) |
| 5:39 | Create | Villager (Male) |
| 5:39 | Create | Villager (Male) |
| 6:01 | Build | House |
| 6:27 | Build | House |
| 6:31 | Create | Villager (Male) |
| 6:40 | Create | Villager (Male) |
| 7:14 | Build | Mill |
| 7:21 | Create | Villager (Male) |
| 7:44 | Build | Mining Camp |
| 8:30 | Build | House |
| 8:36 | Create | Villager (Male) |
| 9:53 | Research | Feudal Age |
| 12:03 | Age | Feudal Age |
| 12:36 | Build | Blacksmith |
| 12:46 | Research | Wheelbarrow |
| 12:47 | Create | Villager (Male) |
| 13:36 | Build | Market |
| 13:54 | Build | Farm |
| 14:12 | Research | Town Watch |
| 14:13 | Create | Villager (Male) |
| 14:21 | Research | Double-Bit Axe |
| 14:38 | Create | Villager (Male) |
| 14:38 | Create | Villager (Male) |
| 14:59 | Build | Mining Camp |
| 15:49 | Build | Barracks |
| 16:18 | Create | Villager (Male) |
| 16:43 | Create | Villager (Male) |
| 17:06 | Create | Spearman |
| 17:15 | Build | Watch Tower |
| 17:54 | Build | Farm |
| 17:58 | Build | Farm |
| 18:03 | Build | Farm |
| 18:15 | Build | Farm |
| 20:40 | Build | Watch Tower |
| 21:22 | Build | Lumber Camp |
| 21:49 | Build | Watch Tower |
| 22:39 | Build | Watch Tower |
| 22:57 | Research | Castle Age |
| 24:13 | Build | Watch Tower |
| 25:37 | Age | Castle Age |
| 25:41 | Build | Town Center |
| 25:58 | Build | Watch Tower |
| 26:27 | Build | Farm |
| 26:31 | Build | Farm |
| 26:35 | Build | Farm |
| 26:40 | Build | Farm |
| 26:44 | Build | Farm |
| 26:49 | Create | Villager (Male) |
| 26:49 | Create | Villager (Male) |
| 26:49 | Create | Villager (Male) |
| 27:13 | Create | Villager (Male) |
| 27:13 | Create | Villager (Male) |
| 27:14 | Create | Villager (Male) |
| 27:14 | Create | Villager (Male) |
| 27:38 | Build | Mining Camp |
| 28:06 | Build | House |
| 28:22 | Create | Villager (Male) |
| 28:22 | Create | Villager (Male) |
| 29:12 | Build | House |
| 29:25 | Build | Farm |
| 29:30 | Build | Farm |
| 29:34 | Build | Farm |
| 29:39 | Create | Villager (Male) |
| 29:40 | Create | Villager (Male) |
| 29:52 | Build | House |
| 30:12 | Build | Barracks |
| 30:33 | Build | House |
| 30:51 | Build | Market |
| 31:40 | Build | House |
| 31:56 | Build | Archery Range |
| 32:24 | Create | Trade Cart |
| 32:33 | Create | Villager (Male) |
| 32:34 | Create | Villager (Male) |
| 32:56 | Create | Cavalry Archer |
| 32:56 | Create | Cavalry Archer |
| 33:00 | Create | Trade Cart |
| 33:12 | Create | Villager (Male) |
| 33:12 | Create | Villager (Male) |
| 34:06 | Research | Stone Mining |
| 34:06 | Research | Gold Mining |
| 34:29 | Build | Farm |
| 38:01 | Build | Archery Range |
| 39:13 | Create | Cavalry Archer |
| 39:13 | Create | Cavalry Archer |
| 39:39 | Build | Castle |
| 39:55 | Create | Cavalry Archer |
| 39:55 | Create | Cavalry Archer |
| 39:56 | Create | Cavalry Archer |
| 43:21 | Create | War Wagon |
| 43:45 | Create | Cavalry Archer |
| 43:46 | Create | Cavalry Archer |
| 44:09 | Build | Mining Camp |
| 44:16 | Research | Hand Cart |
| 44:21 | Create | Villager (Male) |
| 44:21 | Create | Villager (Male) |
| 44:21 | Create | Villager (Male) |
| 44:21 | Create | Villager (Male) |
| 44:22 | Create | Villager (Male) |
| 44:22 | Create | Villager (Male) |
| 44:22 | Create | Villager (Male) |
| 44:22 | Create | Villager (Male) |
| 44:22 | Create | Villager (Male) |
| 44:23 | Create | Villager (Male) |
| 44:23 | Create | Villager (Male) |
| 44:23 | Create | Villager (Male) |
| 44:23 | Create | Villager (Male) |
| 44:24 | Create | Villager (Male) |
| 44:24 | Create | Villager (Male) |
| 45:27 | Build | House |
| 45:33 | Create | Villager (Male) |
| 45:33 | Create | Villager (Male) |
| 46:41 | Build | House |
| 46:41 | Build | House |
| 46:41 | Build | House |
| 46:42 | Build | House |
| 46:42 | Build | House |
| 46:44 | Build | House |
| 47:49 | Create | Cavalry Archer |
| 47:50 | Create | Cavalry Archer |
| 48:01 | Build | House |
| 48:16 | Build | House |
| 48:46 | Create | Villager (Male) |
| 48:46 | Create | Villager (Male) |
| 48:55 | Create | Cavalry Archer |
| 49:48 | Build | Lumber Camp |
| 49:53 | Create | Villager (Male) |
| 49:54 | Create | Villager (Male) |
| 50:45 | Research | Thumb Ring |
| 51:05 | Create | Villager (Male) |
| 51:05 | Create | Villager (Male) |
| 51:05 | Create | Villager (Male) |
| 51:05 | Create | Villager (Male) |
| 51:18 | Create | Cavalry Archer |
Build order — LB_小小leo
First 150 of 708 actions detected
| 0:04 | Build | House |
| 0:05 | Build | House |
| 0:06 | Create | Villager (Male) |
| 0:06 | Create | Villager (Male) |
| 0:06 | Create | Villager (Male) |
| 0:34 | Create | Villager (Male) |
| 1:24 | Create | Villager (Male) |
| 1:52 | Build | Lumber Camp |
| 1:57 | Create | Villager (Male) |
| 2:22 | Create | Villager (Male) |
| 2:50 | Create | Villager (Male) |
| 3:10 | Create | Villager (Male) |
| 3:36 | Build | House |
| 3:48 | Create | Villager (Male) |
| 3:48 | Create | Villager (Male) |
| 3:57 | Build | Mill |
| 4:10 | Create | Villager (Male) |
| 4:40 | Create | Villager (Male) |
| 5:16 | Create | Villager (Male) |
| 5:16 | Create | Villager (Male) |
| 5:57 | Build | House |
| 6:03 | Create | Villager (Male) |
| 6:28 | Create | Villager (Male) |
| 6:31 | Create | Villager (Male) |
| 7:05 | Create | Villager (Male) |
| 7:44 | Create | Villager (Male) |
| 8:35 | Research | Feudal Age |
| 8:52 | Build | Mining Camp |
| 10:08 | Build | House |
| 10:45 | Age | Feudal Age |
| 11:00 | Create | Villager (Male) |
| 11:00 | Create | Villager (Male) |
| 11:01 | Create | Villager (Male) |
| 11:13 | Build | Blacksmith |
| 11:20 | Build | Market |
| 11:33 | Build | Farm |
| 11:35 | Build | Farm |
| 11:38 | Build | Farm |
| 11:40 | Build | Farm |
| 11:58 | Build | Mining Camp |
| 12:10 | Research | Castle Age |
| 12:12 | Build | Farm |
| 12:46 | Research | Stone Mining |
| 13:14 | Build | Farm |
| 13:43 | Create | Villager (Male) |
| 13:43 | Create | Villager (Male) |
| 13:48 | Build | House |
| 13:57 | Build | House |
| 14:17 | Research | Horse Collar |
| 14:24 | Research | Double-Bit Axe |
| 14:32 | Create | Villager (Male) |
| 14:32 | Create | Villager (Male) |
| 14:42 | Research | Loom |
| 14:55 | Age | Castle Age |
| 15:09 | Create | Villager (Male) |
| 15:10 | Create | Villager (Male) |
| 15:10 | Create | Villager (Male) |
| 15:47 | Create | Villager (Male) |
| 15:48 | Create | Villager (Male) |
| 15:50 | Build | Farm |
| 16:18 | Build | Farm |
| 16:28 | Create | Villager (Male) |
| 16:28 | Create | Villager (Male) |
| 16:48 | Create | Villager (Male) |
| 16:58 | Research | Scale Barding Armor |
| 17:32 | Build | Castle |
| 17:48 | Research | Forging |
| 18:07 | Create | Villager (Male) |
| 18:22 | Research | Fletching |
| 18:30 | Build | Mining Camp |
| 18:31 | Create | Conquistador |
| 18:31 | Create | Conquistador |
| 18:32 | Create | Conquistador |
| 18:43 | Create | Villager (Male) |
| 19:09 | Build | Farm |
| 19:15 | Create | Conquistador |
| 19:15 | Create | Conquistador |
| 19:15 | Create | Conquistador |
| 19:25 | Build | Farm |
| 19:28 | Build | Farm |
| 19:35 | Create | Villager (Male) |
| 19:35 | Create | Villager (Male) |
| 19:35 | Create | Villager (Male) |
| 20:04 | Research | Padded Archer Armor |
| 20:15 | Create | Conquistador |
| 20:21 | Build | Farm |
| 20:26 | Build | Farm |
| 20:36 | Create | Villager (Male) |
| 21:00 | Create | Villager (Male) |
| 21:01 | Create | Villager (Male) |
| 21:08 | Build | Farm |
| 21:50 | Create | Conquistador |
| 21:50 | Create | Conquistador |
| 21:50 | Create | Conquistador |
| 21:50 | Create | Conquistador |
| 21:53 | Build | Farm |
| 22:08 | Create | Conquistador |
| 22:09 | Create | Conquistador |
| 22:09 | Create | Conquistador |
| 22:34 | Build | Farm |
| 22:36 | Create | Villager (Male) |
| 22:36 | Create | Villager (Male) |
| 22:36 | Create | Villager (Male) |
| 23:25 | Create | Villager (Male) |
| 23:25 | Create | Villager (Male) |
| 23:34 | Build | Town Center |
| 23:50 | Build | Town Center |
| 24:05 | Create | Villager (Male) |
| 24:06 | Create | Villager (Male) |
| 25:02 | Create | Villager (Male) |
| 25:09 | Build | Castle |
| 25:18 | Build | Farm |
| 25:19 | Build | Farm |
| 25:19 | Build | Farm |
| 25:26 | Build | Lumber Camp |
| 25:39 | Build | Farm |
| 25:51 | Create | Villager (Male) |
| 25:52 | Create | Villager (Male) |
| 25:52 | Create | Villager (Male) |
| 25:56 | Create | Villager (Male) |
| 25:56 | Create | Villager (Male) |
| 25:56 | Create | Villager (Male) |
| 26:28 | Create | Villager (Male) |
| 26:29 | Create | Villager (Male) |
| 26:53 | Create | Villager (Male) |
| 26:53 | Create | Villager (Male) |
| 26:55 | Create | Villager (Male) |
| 26:55 | Create | Villager (Male) |
| 26:57 | Create | Villager (Male) |
| 27:06 | Build | Farm |
| 27:18 | Research | Bow Saw |
| 27:25 | Build | Farm |
| 27:28 | Build | Farm |
| 27:30 | Build | Farm |
| 27:48 | Build | Farm |
| 27:52 | Build | Farm |
| 28:11 | Create | Villager (Male) |
| 28:11 | Create | Villager (Male) |
| 28:12 | Create | Villager (Male) |
| 28:13 | Create | Villager (Male) |
| 28:14 | Create | Villager (Male) |
| 28:15 | Create | Villager (Male) |
| 28:15 | Create | Villager (Male) |
| 28:18 | Create | Villager (Male) |
| 28:18 | Create | Villager (Male) |
| 28:18 | Create | Villager (Male) |
| 28:25 | Build | Mining Camp |
| 29:10 | Build | Mining Camp |
| 29:14 | Build | Farm |
| 29:27 | Create | Villager (Male) |
Build order — nachos21
First 150 of 429 actions detected
| 0:03 | Build | House |
| 0:06 | Build | House |
| 0:06 | Create | Villager (Male) |
| 0:07 | Create | Villager (Male) |
| 0:07 | Create | Villager (Male) |
| 0:08 | Create | Villager (Male) |
| 1:24 | Create | Villager (Male) |
| 1:25 | Create | Villager (Male) |
| 1:48 | Create | Villager (Male) |
| 2:01 | Build | Lumber Camp |
| 2:50 | Create | Villager (Male) |
| 2:51 | Create | Villager (Male) |
| 3:43 | Create | Villager (Male) |
| 3:43 | Create | Villager (Male) |
| 3:43 | Create | Villager (Male) |
| 3:43 | Create | Villager (Male) |
| 4:02 | Create | Villager (Male) |
| 4:21 | Build | House |
| 5:22 | Create | Villager (Male) |
| 5:23 | Create | Villager (Male) |
| 5:23 | Create | Villager (Male) |
| 5:23 | Create | Villager (Male) |
| 5:56 | Build | Mill |
| 6:54 | Create | Villager (Male) |
| 6:54 | Create | Villager (Male) |
| 6:54 | Create | Villager (Male) |
| 7:41 | Build | House |
| 7:55 | Research | Feudal Age |
| 8:25 | Build | Mining Camp |
| 9:18 | Build | House |
| 9:56 | Create | Villager (Male) |
| 9:56 | Create | Villager (Male) |
| 9:56 | Create | Villager (Male) |
| 10:05 | Age | Feudal Age |
| 11:13 | Create | Villager (Male) |
| 11:13 | Create | Villager (Male) |
| 11:14 | Create | Villager (Male) |
| 11:20 | Create | Villager (Male) |
| 11:20 | Create | Villager (Male) |
| 11:44 | Build | Farm |
| 11:45 | Build | Farm |
| 11:47 | Build | Farm |
| 11:48 | Build | Farm |
| 11:49 | Build | Farm |
| 11:50 | Build | Farm |
| 12:35 | Create | Villager (Male) |
| 12:35 | Create | Villager (Male) |
| 12:53 | Build | Market |
| 13:07 | Build | Blacksmith |
| 13:24 | Create | Villager (Male) |
| 13:34 | Build | House |
| 13:55 | Create | Villager (Male) |
| 13:56 | Create | Villager (Male) |
| 13:56 | Create | Villager (Male) |
| 13:56 | Create | Villager (Male) |
| 14:18 | Build | House |
| 14:26 | Build | Mining Camp |
| 14:47 | Research | Castle Age |
| 14:56 | Build | House |
| 15:41 | Build | Farm |
| 15:41 | Build | Farm |
| 15:41 | Build | Farm |
| 15:42 | Build | Farm |
| 15:42 | Build | Farm |
| 15:42 | Build | Farm |
| 16:39 | Build | House |
| 16:44 | Build | Barracks |
| 17:00 | Build | Building 673 |
| 17:07 | Build | Stone Wall |
| 17:14 | Build | House |
| 17:28 | Build | Lumber Camp |
| 18:11 | Create | Spearman |
| 18:11 | Create | Spearman |
| 18:23 | Research | Double-Bit Axe |
| 18:27 | Research | Horse Collar |
| 18:34 | Research | Stone Mining |
| 18:50 | Build | Farm |
| 18:55 | Build | Farm |
| 18:57 | Build | Farm |
| 19:01 | Age | Castle Age |
| 19:09 | Build | Farm |
| 19:19 | Create | Villager (Male) |
| 19:19 | Create | Villager (Male) |
| 19:20 | Create | Villager (Male) |
| 19:20 | Create | Villager (Male) |
| 19:20 | Create | Villager (Male) |
| 20:00 | Research | Pikeman (upgrade) |
| 20:14 | Build | Castle |
| 20:21 | Build | Mining Camp |
| 20:35 | Create | Villager (Male) |
| 20:35 | Create | Villager (Male) |
| 20:37 | Research | Loom |
| 20:46 | Build | Stable |
| 21:02 | Build | Monastery |
| 21:18 | Research | Gold Mining |
| 21:22 | Create | Villager (Male) |
| 21:39 | Create | Spearman |
| 21:39 | Create | Spearman |
| 21:46 | Create | Monk |
| 22:00 | Build | Farm |
| 22:05 | Build | Farm |
| 22:25 | Build | Farm |
| 22:43 | Build | Farm |
| 23:57 | Create | Spearman |
| 23:57 | Create | Spearman |
| 24:05 | Create | Camel Scout |
| 24:05 | Create | Camel Scout |
| 24:05 | Create | Camel Scout |
| 24:06 | Create | Camel Scout |
| 24:22 | Create | Villager (Male) ×5 |
| 24:31 | Build | Town Center |
| 24:51 | Build | House |
| 25:03 | Build | Archery Range |
| 25:09 | Build | House |
| 25:10 | Build | House |
| 25:12 | Build | House |
| 25:13 | Build | House |
| 25:40 | Research | Bow Saw |
| 25:50 | Research | Heavy Plow |
| 25:58 | Research | Padded Archer Armor |
| 26:00 | Research | Scale Mail Armor |
| 26:01 | Research | Scale Barding Armor |
| 26:30 | Build | Castle |
| 26:50 | Create | Monk |
| 27:10 | Research | Elite Skirmisher (upgrade) |
| 27:11 | Create | Skirmisher |
| 27:11 | Create | Skirmisher |
| 27:12 | Create | Skirmisher |
| 27:12 | Create | Skirmisher |
| 27:30 | Build | Barracks |
| 27:59 | Research | Imperial Age |
| 28:00 | Create | Villager (Male) |
| 28:06 | Create | Villager (Male) |
| 28:13 | Build | Farm |
| 28:18 | Build | Farm |
| 28:28 | Build | Farm |
| 28:33 | Build | Farm |
| 28:34 | Build | Farm |
| 29:06 | Research | Chain Mail Armor |
| 29:12 | Create | Spearman |
| 29:12 | Create | Spearman |
| 29:12 | Create | Spearman |
| 29:32 | Build | Town Center |
| 29:50 | Build | Stone Wall |
| 29:59 | Build | Stone Wall |
| 30:14 | Build | Farm |
| 30:23 | Build | Mining Camp |
| 30:35 | Build | Stable |
| 30:39 | Build | Archery Range |
| 30:41 | Build | Archery Range |
Match timeline
| 10:05 | nachos21 · age_up feudal |
| 10:23 | MattGohan · age_up feudal |
| 10:45 | LB_小小leo · age_up feudal |
| 10:53 | 家恒 · age_up feudal |
| 11:35 | 喜多川海梦 · age_up feudal |
| 11:51 | 喜多川海梦 · first_building Barracks |
| 12:03 | modusoperandirock · age_up feudal |
| 13:33 | 喜多川海梦 · first_building Stable |
| 14:55 | LB_小小leo · age_up castle |
| 15:49 | modusoperandirock · first_building Barracks |
| 15:59 | 家恒 · age_up castle |
| 16:06 | MattGohan · age_up castle |
| 16:44 | nachos21 · first_building Barracks |
| 16:55 | LB_小小leo · first_market_sell 100 wood |
| 17:06 | MattGohan · first_building Monastery |
| 17:07 | nachos21 · wall_segment Stone Wall x1 |
| 17:32 | modusoperandirock · first_market_sell 100 food |
| 17:32 | LB_小小leo · first_building Castle |
| 19:01 | nachos21 · age_up castle |
| 19:22 | 喜多川海梦 · first_building Archery Range |
| 19:59 | 喜多川海梦 · age_up castle |
| 20:14 | nachos21 · first_building Castle |
| 20:46 | nachos21 · first_building Stable |
| 21:02 | nachos21 · first_building Monastery |
| 22:09 | MattGohan · first_building Castle |
| 22:50 | MattGohan · first_building Barracks |
| 23:23 | 家恒 · first_building Castle |
| 24:09 | 喜多川海梦 · first_building Castle |
| 25:03 | nachos21 · first_building Archery Range |
| 25:37 | modusoperandirock · age_up castle |
| 26:51 | MattGohan · first_building Archery Range |
| 27:24 | 家恒 · first_building Barracks |
| 27:42 | 喜多川海梦 · first_market_sell 100 wood |
| 28:09 | 家恒 · first_building Stable |
| 29:00 | MattGohan · first_market_sell 100 food |
| 29:50 | nachos21 · wall_segment Stone Wall x1 |
| 29:53 | 家恒 · first_building Monastery |
| 29:56 | MattGohan · first_building Siege Workshop |
| 29:59 | nachos21 · wall_segment Stone Wall x5 |
| 30:20 | 家恒 · age_up imperial |
| 30:27 | 家恒 · first_market_buy 100 stone |
| 31:09 | nachos21 · age_up imperial |
| 31:16 | nachos21 · first_building Siege Workshop |
| 31:56 | modusoperandirock · first_building Archery Range |
| 32:11 | MattGohan · age_up imperial |
| 32:15 | 喜多川海梦 · first_building Siege Workshop |
| 32:52 | 喜多川海梦 · age_up imperial |
| 33:53 | LB_小小leo · first_building Barracks |
| 34:39 | LB_小小leo · age_up imperial |
| 35:39 | LB_小小leo · first_building Stable |
| 36:38 | LB_小小leo · first_building Siege Workshop |
| 36:55 | MattGohan · first_market_buy 100 stone |
| 39:06 | modusoperandirock · first_market_buy 100 stone |
| 39:39 | modusoperandirock · first_building Castle |
| 40:33 | MattGohan · wall_segment Stone Wall x1 |
| 40:40 | MattGohan · wall_segment Stone Wall x8 |
| 41:44 | MattGohan · first_building Stable |
| 46:25 | 家恒 · first_building Archery Range |
| 50:03 | LB_小小leo · first_building Archery Range |
| 54:00 | nachos21 · first_market_sell 500 wood |
| 54:38 | 家恒 · first_building Siege Workshop |
| 55:54 | MattGohan · wall_segment Stone Wall x4 |
| 59:59 | LB_小小leo · wall_segment Stone Wall x5 |
| 61:07 | nachos21 · wall_segment Stone Wall x4 |
| 61:37 | 家恒 · tribute_sent a jugador 2 |
| 61:37 | 家恒 · tribute_sent a jugador 3 |
| 61:37 | 家恒 · tribute_sent a jugador 4 |
| 61:37 | 家恒 · tribute_sent a jugador 5 |
| 61:37 | 家恒 · tribute_sent a jugador 6 |
| 63:05 | nachos21 · wall_segment Stone Wall x3 |
| 65:06 | modusoperandirock · first_building Stable |
| 66:16 | nachos21 · first_market_buy 100 stone |
| 66:17 | LB_小小leo · wall_segment Stone Wall x1 |
| 68:01 | LB_小小leo · wall_segment Stone Wall x6 |
| 70:05 | 喜多川海梦 · tribute_sent a jugador 1 |
| 70:05 | 喜多川海梦 · tribute_sent a jugador 2 |
| 70:05 | 喜多川海梦 · tribute_sent a jugador 4 |
| 70:05 | 喜多川海梦 · tribute_sent a jugador 5 |
| 70:05 | 喜多川海梦 · tribute_sent a jugador 6 |
| 74:54 | modusoperandirock · wall_segment Stone Wall x1 |
| 80:24 | 喜多川海梦 · tribute_sent a jugador 1 |
| 80:24 | 喜多川海梦 · tribute_sent a jugador 2 |
| 80:24 | 喜多川海梦 · tribute_sent a jugador 4 |
| 80:24 | 喜多川海梦 · tribute_sent a jugador 5 |
| 80:24 | 喜多川海梦 · tribute_sent a jugador 6 |
| 81:11 | MattGohan · resign |
[ AI ANALYSIS · 1 CREDIT ]
What really happened in this match?
Wolo.gg analyzes every decision: build order, eco, micro, common mistakes by bracket. Personalized analysis on WhatsApp or Discord in 30 seconds.
Civ guide
Magyars
Map guide
Arena
Perfil
喜多川海梦